 Dungeon Crawl Stone Soup version 0.17.1-1-g73c8601 (webtiles) character file.

215 ololoev the Chopper (level 5, -1/41 HPs)
             Began as a Demonspawn Fighter on Dec 18, 2015.
             Slain by a centaur skeleton (3 damage)
             ... on level 5 of the Dungeon.
             The game lasted 00:05:56 (827 turns).

ololoev the Chopper (Demonspawn Fighter)             Turns: 827, Time: 00:05:57

Health: -1/41      AC:  9    Str: 17    XL:     5   Next: 60%
Magic:  7/7        EV: 10    Int:  9    God:
Gold:   26         SH:  8    Dex: 13    Spells: 0 memorised, 4 levels left

rFire  . . .     SeeInvis .     a - +0 war axe
rCold  . . .     Clarity  .     b - +0 scale mail
rNeg   . . .     SustAt   .     c - +0 shield
rPois  .         Gourm    .     j - +2 hat
rElec  .         Spirit   .     (no cloak)
rCorr  .         Warding  .     (no gloves)
rMut   .         Stasis   .     (no boots)
MR     .....                    (no amulet)
Stlth  ..........               (no ring)
                                p - +4 ring of evasion

@: not resistant to hostile enchantments, extremely unstealthy
A: hooves 1, molten scales 1, powered by death 1, rot immunity
a: no special abilities


Innate Abilities, Weirdness & Mutations

You have large cloven feet.
You are partially covered in molten scales (AC +1).
You regenerate a little health from kills.
You are immune to rotting.

Inventory:

Hand Weapons
 a - a +0 war axe (weapon)
Armour
 b - a +0 scale mail (worn)
 c - a +0 shield (worn)
 j - a +2 hat (worn)
Jewellery
 p - a +4 ring of evasion (left hand)
Wands
 i - a wand of confusion (10)
 q - a wand of confusion (7)
Potions
 d - 2 potions of might
 f - a potion of curing
 g - a potion of berserk rage {unknown}
 k - a potion of haste {unknown}
 l - a potion of flight {unknown}
 m - a potion of degeneration {unknown}
 o - a potion of poison {unknown}
Comestibles
 e - 2 bread rations
 h - 4 chunks of flesh


   Skills:
 - Level 3.0 Fighting
 + Level 4.2 Axes
 - Level 2.6 Armour
 - Level 2.6 Shields
 + Level 3.4 Evocations


You had 4 spell levels left.
You didn't know any spells.


You were on level 5 of the Dungeon.
You were not hungry.

You visited 1 branch of the dungeon, and saw 6 of its levels.

You collected 26 gold pieces.

.........# #.# #..
###..##.## ..#
#.(##.# #%# .#
#..##.# #.# ...
###..##.# #?# #.#
.....##.# #(# #.#
####.##.. #.# ##.#
#.#### #Z# #...
#...#
#@#############..#
###.#
#..>.............#
#.#
################.#
#.# #.# #.# .# #.#
#.# #.# #.# #.#
#.# #.# #[# #.#
#.# #.# #.### ####
#.#

Notes
Turn   | Place    | Note
--------------------------------------------------------------
     0 | D:1      | ololoev the Demonspawn Fighter began the quest for the Orb.
     0 | D:1      | Reached XP level 1. HP: 18/18 MP: 1/1
   131 | D:2      | Gained mutation: You are partially covered in molten scales (AC +1). [demonic ancestry]
   131 | D:2      | Reached XP level 2. HP: 20/24 MP: 2/2
   229 | D:2      | Found a shadowy altar of Dithmenos.
   307 | D:1      | Reached skill level 1 in Evocations
   430 | D:3      | Gained mutation: You are immune to rotting. [demonic ancestry]
   430 | D:3      | Reached XP level 3. HP: 26/29 MP: 3/3
   504 | D:3      | Noticed Jessica
   513 | D:3      | Killed Jessica
   602 | D:5      | Entered Level 5 of the Dungeon
   631 | D:5      | Gained mutation: You regenerate a little health from kills. [demonic ancestry]
   631 | D:5      | Reached XP level 4. HP: 30/35 MP: 5/5
   734 | D:5      | Gained mutation: You have large cloven feet. [demonic ancestry]
   734 | D:5      | Reached XP level 5. HP: 11/41 MP: 5/7
   742 | D:5      | Reached skill level 4 in Axes
   773 | D:5      | Found a snail-covered altar of Cheibriados.
   827 | D:5      | HP: 2/41 [centaur skeleton (6)]
   827 | D:5      | Slain by a centaur skeleton

Dungeon Overview and Level Annotations

Branches:
Dungeon (6/15)
 Temple: D:4-7

Altars:
Cheibriados
Dithmenos


Message History

Found a snail-covered altar of Cheibriados.
Things that are here:
a dagger x2 an orc corpse You feel less regenerative.
Found a ring mail.
You see here a ring mail.
Some of the chunks of flesh in your inventory have rotted away.
You hear the rusting of a very distant drain.
Found a potion of might.
d - 2 potions of might (gained 1)
Found a stone staircase leading down.
There is a stone staircase leading down here.
You climb downwards.
Found 10 gold pieces.
There is a stone staircase leading up here.
You climb upwards.
You hear the sound of rushing water.
There is an entrance to a sewer on this level.
Hurry and find it before the portal rusts away!
There is a stone staircase leading down here.
A centaur skeleton comes into view.
Found 21 arrows, a scroll labeled FANYIWNOGRE and a meat ration.
The centaur skeleton misses you.
You hit the centaur skeleton.
You kick the centaur skeleton, but do no damage.
The centaur skeleton hits you but does no damage.
The centaur skeleton closely misses you.
You hit the centaur skeleton but do no damage.
The centaur skeleton hits you. x2
You slash the centaur skeleton!
You kick the centaur skeleton, but do no damage.
The centaur skeleton completely misses you.
You block the centaur skeleton's attack.
You hit the centaur skeleton. The centaur skeleton hits you.
You hit the centaur skeleton. The centaur skeleton hits you.
The centaur skeleton hits you.
You hit the centaur skeleton.
You kick the centaur skeleton, but do no damage.
The centaur skeleton hits you. x2
You die...

You could see a centaur skeleton.

Vanquished Creatures
  A water moccasin zombie (D:5)
  A hound (D:5)
  An orc priest (D:5)
  Jessica (D:3)
  A jelly (D:5)
  2 adders (D:2)
  A worm (D:3)
  A giant gecko (D:3)
  6 orcs
  A ball python (D:1)
  A bat (D:3)
  2 goblins
  3 hobgoblins
  3 kobolds
  A giant newt (D:2)
  2 rats
28 creatures vanquished.

Action                   |  1- 3 |  4- 6 || total
-------------------------+-------+-------++-------
Melee: War axe           |    65 |    41 ||   106
Evoke: Wand              |     2 |     1 ||     3
  Use: Scroll            |     5 |       ||     5
       Potion            |       |     1 ||     1
 Stab: Confused          |     1 |     1 ||     2

Vault maps used:
D:1:      dpeg_arrival_sounds_slurp
D:2:      nicolae_dithmenos_through_a_glass_darkly, first_bread
D:3:      evilmike_ruin_ashenzari, grunt_ministairs_6,
          kennysheep_generic_room_13, uniq_jessica
D:4:      minitemple
D:5:      cheibriados_altar_1, gup_sewer_entry_pipe, grunt_qazlal_clouds
D:6:      lemuel_doored_altar, minmay_temple_entry_statues_pillars
